 Dungeon Crawl Stone Soup version 0.32-a0-131-g9dbbe29261 (webtiles) character file.

Game seed: 13800329885058189446

63 Ambrosia the Ducker (level 3, 0/31 HPs)
             Began as a Minotaur Gladiator on Feb 8, 2024.
             Slain by a cerulean imp
             ... wielding a +1 spear
             ... summoned by Natasha
              (4 damage)
             ... on level 2 of the Dungeon.
             The game lasted 00:01:56 (875 turns).

Ambrosia the Ducker (Minotaur Gladiator)             Turns: 875, Time: 00:01:57

Health: 0/31       AC:  3    Str: 18    XL:     3   Next: 87%
Magic:  2/2        EV: 13    Int:  5    God:
Gold:   104        SH:  0    Dex: 13    Spells: 2/2 levels left

rFire   . . .        a - +0 quarterstaff
rCold   . . .        (shield currently unavailable)
rNeg    . . .        b - +0 leather armour
rPois   .            c - +0 hat
rElec   .            (no cloak)
rCorr   .            (no gloves)
SInv    .            (no boots)
Will    .....        (no amulet)
Stlth   +            (no ring)
HPRegen 0.25/turn    (no ring)
MPRegen 0.08/turn

%: no passive effects
@: no status effects
A: horns 2, retaliatory headbutt
a: no special abilities


You were on level 2 of the Dungeon.
You visited 1 branch of the dungeon, and saw 2 of its levels.

You collected 104 gold pieces.

Inventory:

Hand Weapons
 a - a +0 quarterstaff (weapon)
Missiles
 d - a throwing net (quivered) {=f, !d}
 e - 4 javelins
Armour
 b - a +0 leather armour (worn)
 c - a +0 hat (worn)
Scrolls
 g - a scroll of amnesia


   Skills:
 + Level 3.0 Fighting
 + Level 4.0 Staves
 - Level 2.0 Throwing
 * Level 2.3 Armour
 * Level 4.1 Dodging


You had 2 spell levels left.
You didn't know any spells.
Your spell library was empty.

Dungeon Overview and Level Annotations

Branches:
Dungeon (2/15) Zot: 11118

Altars:

Annotations:
D:2 Natasha


Innate Abilities, Weirdness & Mutations

You have a pair of horns on your head.
You reflexively headbutt those who attack you in melee.


Message History

There is an open door here.
An adder comes into view.
The adder hisses angrily.
Natasha claws you.
You take 5 damage, and have 25/30 hp.
You sock Natasha! Natasha barely misses you.
The adder bites you but does no damage.
The cerulean imp hits you from afar with a +2 spear.
You take 4 damage, and have 21/30 hp.
The cerulean imp attacks as it pursues you!
The cerulean imp hits you from afar with a +2 spear.
The adder bites you.
You take 4 damage, and have 17/30 hp.
The cerulean imp attacks as it pursues you!
The cerulean imp closely misses you.
Natasha growls.
Natasha attacks as she pursues you! Natasha closely misses you.
The adder attacks as it pursues you! The adder closely misses you.
The cerulean imp hits you from afar with a +2 spear.
Natasha stares at you and mumbles some strange words.
The magic dart hits you!
* * * LOW HITPOINT WARNING * * *
There is an open door here.
You take 12 damage, and have 5/30 hp.
MASSIVE DAMAGE!!
Natasha casts a spell.
Throw: 3 throwing nets {=f, !d}
Press: ? - help, Q - select action, (/) - cycle Shift-Dir - straight line, f - adder
Aim: an adder (35% to hit)
Okay, then.
It was a potion of curing.
You feel better. The adder barely misses you.
The cerulean imp hits you from afar with a +2 spear.
You regained 9 hp, and now have 15/30 hp.
Okay, then.
Throw: 3 throwing nets {=f, !d}
Press: ? - help, Q - select action, (/) - cycle Shift-Dir - straight line, f - adder
Aim: an adder (35% to hit)
You throw a throwing net {=f, !d}.
The throwing net {=f, !d} hits the adder.
The adder is caught in the net!
The adder struggles against the net.
The cerulean imp hits you from afar with a +2 spear.
The cerulean imp closely misses you.
Natasha mumbles some strange words.
The adder struggles against the net.
You take 3 damage, and have 12/30 hp.
The adder struggles against the net.
The adder struggles against the net.
The net rips apart, and the adder comes free!
The cerulean imp hits you from afar with a +0 spear.
You take 1 damage, and have 13/30 hp.
The cerulean imp attacks as it pursues you!
The cerulean imp hits you from afar with a +0 spear.
You take 2 damage, and have 11/30 hp.
The cerulean imp disappears in a puff of smoke!
Natasha casts a spell.
The adder bites you but does no damage.
You barely miss the adder. Your headbutt misses the adder.
The cerulean imp hits you but does no damage.
The cerulean imp misses you. The adder barely misses you.
You furiously retaliate!
You headbutt the adder!
You kill the adder!
Your Fighting skill increases to level 3!
The cerulean imp hits you from afar with a +1 spear.
* * * LOW HITPOINT WARNING * * *
The cerulean imp completely misses you.
You take 3 damage, and have 9/31 hp.
The cerulean imp attacks as it pursues you!
The cerulean imp barely misses you.
The cerulean imp attacks as it pursues you!
The cerulean imp hits you from afar with a +0 spear.
* * * LOW HITPOINT WARNING * * *
You take 1 damage, and have 8/31 hp.
The cerulean imp hits you from afar with a +1 spear.
* * * LOW HITPOINT WARNING * * *
You take 3 damage, and have 5/31 hp.
The cerulean imp attacks as it pursues you!
The cerulean imp hits you but does no damage.
The cerulean imp closely misses you.
The cerulean imp hits you from afar with a +1 spear.
* * * LOW HITPOINT WARNING * * *
You take 3 damage, and have 3/31 hp.
The cerulean imp barely misses you.
Throw: 2 throwing nets {=f, !d}
Press: ? - help, Q - select action, (/) - cycle Shift-Dir - straight line, f - cerulean imp
Aim: a cerulean imp, wielding a +0 spear (summoned, 39% to hit)
You throw a throwing net {=f, !d}.
The throwing net {=f, !d} closely misses the cerulean imp.
The throwing net {=f, !d} closely misses Natasha.
The cerulean imp barely misses you.
Natasha opens the door.
The cerulean imp barely misses you.
The cerulean imp disappears in a puff of smoke!
The cerulean imp attacks as it pursues you!
The cerulean imp barely misses you.
Natasha wildly gestures.
Natasha's front paws start to glow.
Natasha stares at you and mumbles some strange words.
You resist with significant effort.
The cerulean imp hits you from afar with a +1 spear.
You die...

#....##.######.#.#.#.#)#
##.....#.######.........#
#########......................##
....................###.....####
...........†........# #.....#
.......>.....†......# #.....#
....................# #.....#
.....[......h.......###.....#
....†.(......55.@....<....###
.........#'#####.#........#
#####............#........#
####........#####........###
#...........#####...........
##...........#.†.............
##...........#........#.....[
##..........##...............
##############...............


You could see Natasha and 2 cerulean imps.

Vanquished Creatures
  3 adders (D:2)
  A ribbon worm (D:2)
  A dart slug (D:1)
  2 bats (D:1 D:2)
  4 endoplasms (D:1 D:2)
  2 giant cockroaches (D:2)
  5 goblins (D:1)
  A hobgoblin (D:1)
  3 quokkas (D:1 D:2)
  4 ball pythons (D:1)
  3 kobolds (D:1 D:2)
  A rat (D:1)
30 creatures vanquished.

Notes
Turn   | Place    | Note
-------+----------+-------------------------------------------
     0 | D:1      | Ambrosia the Minotaur Gladiator began the quest for the
                  | Orb.
     0 | D:1      | Reached XP level 1. HP: 18/18 MP: 0/0
   136 | D:1      | Reached skill level 1 in Armour
   169 | D:1      | Reached XP level 2. HP: 25/25 MP: 1/1
   216 | D:1      | elongatedgoose: mb i scared u off im leaving in like 3
                  | minutes
   216 | D:1      | elongatedgoose: then you can go rant :P
   620 | D:2      | Reached XP level 3. HP: 30/30 MP: 2/2
   643 | D:2      | Reached skill level 2 in Armour
   697 | D:2      | Reached skill level 4 in Staves
   749 | D:2      | Reached skill level 4 in Dodging
   750 | D:2      | Found a faded altar of an unknown god.
   842 | D:2      | Noticed Natasha
   849 | D:2      | HP: 12/30 [cerulean imp/+2 spear[Natasha] (5)]
   849 | D:2      | HP: 5/30 [Natasha/magic dart (7)]
   859 | D:2      | HP: 13/30 [cerulean imp/+0 spear[Natasha] (1)]
   864 | D:2      | Reached skill level 3 in Fighting
   864 | D:2      | HP: 9/31 [cerulean imp/+1 spear[Natasha] (4)]
   870 | D:2      | HP: 3/31 [cerulean imp/+1 spear[Natasha] (3)]
   875 | D:2      | Slain by a cerulean imp

Illustrated notes

Levels and vault maps discovered:
D:1:      dpeg_arrival_round_c, layout_rooms
D:2:      layout_basic, chequers_ecumenical_altar_simple_redux, serial_glass,
          glass_columns_c, glass_columns_b, serial_shops, shop, uniq_terence,
          uniq_natasha

Skill      XL: |  1  2  3 |
---------------+----------+-----
Armour         | 1 2 |  2.3
Staves         | 4 |  4.0
Dodging        | 4 |  4.1
Fighting       | 3 |  3.0
Throwing       | |  2.0

Action                     || total
---------------------------++-------
  Melee: Quarterstaff      ||    57
         Headbutt          ||     6
  Throw: Throwing net      ||     2
    Use: Scroll            ||     2
         Potion            ||     1
   Stab: Sleeping          ||     1
 Armour: Leather armour    ||    44
  Dodge: Dodged            ||    51

Table legend: (Time is in decaauts)
 A = Elapsed time spent in this place.
 B = Non-inter-level travel time spent in this place.
 C = Inter-level travel time spent in this place.
 D = Time resting spent in this place.
 E = Time spent auto-exploring this place.
 F = Levels seen in this place.
 G = Mean time per level.
                   A        B        C        D        E       F      G
               +--------+--------+--------+--------+--------+-----+--------+
         Total |    880 |    858 |     22 |      0 |    673 |   2 |  440.0 |
       Dungeon |    880 |    858 |     22 |      0 |    673 |   2 |  440.0 |
               +--------+--------+--------+--------+--------+-----+--------+

Top non-repeatable levels by time:
     D:1: 572 daAuts
     D:2: 308 daAuts

Levels and vault maps discovered:
D:1:      dpeg_arrival_round_c, layout_rooms
D:2:      layout_basic, chequers_ecumenical_altar_simple_redux, serial_glass,
          glass_columns_c, glass_columns_b, serial_shops, shop, uniq_terence,
          uniq_natasha

Table legend: (Time is in decaauts)
 A = Elapsed time spent in this place.
 B = Non-inter-level travel time spent in this place.
 C = Inter-level travel time spent in this place.
 D = Time resting spent in this place.
 E = Time spent auto-exploring this place.
 F = Levels seen in this place.
 G = Mean time per level.
                   A        B        C        D        E       F      G
               +--------+--------+--------+--------+--------+-----+--------+
         Total |    880 |    858 |     22 |      0 |    673 |   2 |  440.0 |
       Dungeon |    880 |    858 |     22 |      0 |    673 |   2 |  440.0 |
               +--------+--------+--------+--------+--------+-----+--------+

Top non-repeatable levels by time:
     D:1: 572 daAuts
     D:2: 308 daAuts

Table legend:
 A = Kills in this place as a percentage of kills in the entire game.
 B = Kills by you in this place as a percentage of kills by you in the entire game.
 C = Kills by friends in this place as a percentage of kills by friends in the entire game.
 D = Other kills in this place as a percentage of other kills in the entire game.
 E = Experience gained in this place as a percentage of experience gained in the entire game.
 F = Experience gained in this place divided by the number of levels of this place that you have seen.
                   A       B       C       D       E      F
               +-------+-------+-------+-------+-------+----------------------
         Total | 100.0 | 100.0 |   N/A |   N/A | 100.0 |  45.0
       Dungeon | 100.0 | 100.0 |   N/A |   N/A | 100.0 |  45.0
               +-------+-------+-------+-------+-------+----------------------
